 Dungeon Crawl Stone Soup version 0.28-a0-691-gad6df49e81 (webtiles) character file.

Game seed: 7206636244040044070

18 Irenicus the Digger (level 2, -10/22 HPs)
             Began as a Deep Dwarf Earth Elementalist on Oct 21, 2021.
             Mangled by an ogre (29 damage)
             ... on level 4 of the Dungeon.
             The game lasted 00:02:10 (322 turns).

Irenicus the Digger (Deep Dwarf Earth Elementalist)  Turns: 322, Time: 00:02:11

Health: -10/22     AC:  4    Str: 11    XL:     2   Next: 48%
Magic:  0/4        EV: 12    Int: 15    God:
Gold:   68         SH:  0    Dex: 13    Spells: 3/4 levels left

rFire   . . .      SeeInvis .   g - +0 short sword
rCold   . . .      Faith    .   (no shield)
rNeg    . . .      Spirit   .   b - +0 robe
rPois   .          Reflect  .   (no helmet)
rElec   .          Harm     .   (no cloak)
rCorr   .          Rampage  .   (no gloves)
Will    .....                   e - +1 pair of boots
Stlth   ++........              (no amulet)
HPRegen 0.00/turn               (no ring)
MPRegen 0.09/turn               (no ring)

@: very slightly contaminated
A: damage resistance, heal wounds, sense surroundings 1, no regeneration
a: Heal Wounds


You were on level 4 of the Dungeon.
You visited 1 branch of the dungeon, and saw 4 of its levels.

You collected 68 gold pieces.


Innate Abilities, Weirdness & Mutations

You are resistant to damage.
You can heal yourself by infusing magical energy.
You passively map a small area around you.
You do not regenerate.


   Skills:
 - Level 2.1 Dodging
 - Level 2.4 Stealth
 - Level 1.7 Spellcasting
 - Level 0.8 Transmutations
 + Level 5.2 Earth Magic


You had 3 spell levels left.
You knew the following spells:

 Your Spells              Type           Power      Damage    Failure   Level
z - Sandblast             Erth           34%        2d9       2%          1

Your spell library contained the following spells:

 Spells                   Type           Power      Damage    Failure   Level
 Passwall                 Tmut/Erth      8%         N/A       10%         2
 Stone Arrow              Conj/Erth      18%        3d8       24%         3
 Petrify                  Tmut/Erth      10%        N/A       54%         4

Inventory:

Hand Weapons
 g - a +0 short sword (weapon)
Missiles
 c - 59 stones
Armour
 b - a +0 robe (worn)
 e - a +1 pair of boots (worn)
Wands
 f - a wand of flame (10)
Potions
 a - a potion of resistance {unknown}
 d - a potion of haste {unknown}
 h - a potion of degeneration {unknown}

Dungeon Overview and Level Annotations

Branches:
Dungeon (4/15)
 Temple: D:4-7

Altars:

, #. * .#
* * #.,
.. , ,
#.. .# *
#.. .##,
*... ..
,, * #.#
.# # ,
#K#.#..#
* , ,,
*#@O.#, *
* * *
*##.....#
* * * ,
<....# ,
####.# ,
* # * * *
* * , ,


You could see an ogre and a kobold.


Message History

You miscast Sandblast.
You are very lightly contaminated with residual magic.
Nothing appears to happen.
The kobold shouts!
An ogre comes into view. It is wielding a +0 giant club.
Casting: Sandblast (safe; 2% risk of failure)
Confirm with . or Enter, or press ? or * to list all spells.
Aiming: Sandblast (safe; 2% risk of failure)
Press: ? - help, Shift-Dir - straight line, f - ogre, p - kobold
Aim: an ogre, wielding a +0 giant club (wandering, hasn't noticed you, 90% to hit)
The blast of sand misses the ogre.
The ogre shouts!
Casting: Sandblast (safe; 2% risk of failure)
Confirm with . or Enter, or press ? or * to list all spells.
Aiming: Sandblast (safe; 2% risk of failure)
Press: ? - help, Shift-Dir - straight line, f/p - ogre
Aim: an ogre, wielding a +0 giant club (90% to hit)
The blast of sand hits the ogre.
The ogre is moderately wounded.
Casting: Sandblast (safe; 2% risk of failure)
Confirm with . or Enter, or press ? or * to list all spells.
Aiming: Sandblast (safe; 2% risk of failure)
Press: ? - help, Shift-Dir - straight line, f/p - ogre
Aim: an ogre, wielding a +0 giant club (moderately wounded, 90% to hit)
The blast of sand hits the ogre.
The ogre is moderately wounded.
The kobold hits you with a +0 club.
The ogre hits you with a +0 giant club!!
Ouch! That really hurt!
You die...

Skill      XL: |  1  2 |
---------------+-------+-----
Earth Magic    | 5 |  5.2
Dodging        | |  2.1
Stealth        | |  2.4
Spellcasting   | |  1.7
Transmutations | |  0.8

Action                   || total
-------------------------++-------
Melee: Unarmed           ||     1
       Short sword       ||     4
 Cast: Sandblast         ||    20
Dodge: Dodged            ||     7

Levels and vault maps discovered:
D:1:      mrwooster_arrival_statue_3, layout_loops_ring,
          hellmonk_ecumenical_altar_zigzags, serial_bayou_pond_e,
          nrook_mini_vaults, st_stairs_9
D:2:      layout_basic, basic_altar, lexackson_kobold_supper
D:3:      layout_loops_ring, mainiacjoe_overflow_24_doors,
          nemelex_xobeh_ov_fountains_minmay, minmay_misc_feat_rugged
D:4:      layout_loops_ring, mainiacjoe_overflow_catwalk_spiral,
          old_standard_altar, temple_green, minmay_fire_ice_demons

Notes
Turn   | Place    | Note
-------+----------+-------------------------------------------
     0 | D:1      | Irenicus the Deep Dwarf Earth Elementalist began the quest
                  | for the Orb.
     0 | D:1      | Reached XP level 1. HP: 15/15 MP: 3/3
   143 | D:2      | Reached XP level 2. HP: 19/22 MP: 2/4
   215 | D:3      | Reached skill level 5 in Earth Magic
   319 | D:4      | Noticed an ogre
   322 | D:4      | Mangled by an ogre

Vanquished Creatures
  A worm (D:3)
  A dart slug (D:1)
  2 endoplasms (D:2)
  A hobgoblin (D:1)
  A quokka (D:1)
  A ball python (D:1)
  2 frilled lizards
  A goblin (D:3)
  2 kobolds (D:3)
  2 rats (D:3)
14 creatures vanquished.

Table legend: (Time is in decaauts)
 A = Elapsed time spent in this place.
 B = Non-inter-level travel time spent in this place.
 C = Inter-level travel time spent in this place.
 D = Time resting spent in this place.
 E = Time spent auto-exploring this place.
 F = Levels seen in this place.
 G = Mean time per level.
                   A        B        C        D        E       F      G
               +--------+--------+--------+--------+--------+-----+--------+
         Total |    321 |    321 |      0 |      0 |      0 |   4 |   80.2 |
       Dungeon |    321 |    321 |      0 |      0 |      0 |   4 |   80.2 |
               +--------+--------+--------+--------+--------+-----+--------+

Top non-repeatable levels by time:
     D:3: 130 daAuts
     D:1: 111 daAuts
     D:2: 75 daAuts
     D:4: 3 daAuts

Table legend:
 A = Non-vault XP
 B = Vault XP
 C = Vault XP percentage of total XP
 D = Non-vault monster count
 E = Vault monster count
 F = Vault count percentage of total count
                 A         B        C        D         E       F
            +---------+---------+-------+---------+---------+-------
      Total |      20 |       6 |  23.1 |      12 |       2 |  14.3
            +---------+---------+-------+---------+---------+-------
        D:1 |       4 |       6 |  60.0 |       3 |       2 |  40.0
        D:2 |       4 |       0 |   0.0 |       2 |       0 |   0.0
        D:3 |      12 |       0 |   0.0 |       7 |       0 |   0.0
            +---------+---------+-------+---------+---------+-------
